 Dungeon Crawl Stone Soup version 0.30-a0-634-g8abc85282e (webtiles) character file.

Game seed: 7306022066881891381

41 elagabalus the Shield-Bearer (level 3, -7/35 HPs)
             Began as a Gnoll Fighter on Jan 14, 2023.
             Killed by divine providence
             ... invoked by a smoke demon
              (10 damage)
             ... on level 1 of the Abyss.
             The game lasted 00:08:29 (1101 turns).

elagabalus the Shield-Bearer (Gnoll Fighter)        Turns: 1101, Time: 00:08:30

Health: -7/35      AC:  7    Str: 17    XL:     3   Next: 52%
Magic:  4/4        EV:  9    Int:  7    God:
Gold:   84         SH:  5    Dex: 11    Spells: 3/3 levels left

rFire   . . .      SeeInvis .    a - +1 flail
rCold   . . .      Faith    .    c - +0 buckler
rNeg    . . .      Spirit   .    b - +0 scale mail
rPois   .          Reflect  .    (no helmet)
rElec   .          Harm     .    (no cloak)
rCorr   .          Rampage  .    (no gloves)
Will    .....                    (no boots) Stlth
                                 (no amulet)
HPRegen 0.25/turn                (no ring)
MPRegen 0.09/turn                (no ring)

@: no status effects
A: fangs 1, strong nose, distributed training
a: no special abilities


You were on level 1 of the Abyss.
You visited 1 branch of the dungeon, and saw 2 of its levels.
You visited the Abyss 1 time.

You collected 84 gold pieces.

Inventory:

Hand Weapons
 a - a +1 flail (weapon)
Missiles
 f - 10 stones (quivered)
Armour
 b - a +0 scale mail (worn)
 c - a +0 buckler (worn)
Scrolls
 i - a scroll of blinking {unknown}
 j - a scroll of immolation {unknown}
 l - a scroll of fog {unknown}
 m - a scroll of magic mapping {unknown}
Potions
 d - 3 potions of might
 e - a potion of haste {unknown}
 g - a potion of brilliance {unknown}
 h - a potion of mutation {unknown}
 k - a potion of lignification {unknown}


   Skills:
 + Level 6.5 Fighting
 + Level 0.9 Short Blades
 + Level 0.9 Long Blades
 + Level 0.9 Axes
 + Level 4.5 Maces & Flails
 + Level 0.9 Polearms
 + Level 0.9 Staves
 + Level 0.9 Ranged Weapons
 + Level 0.9 Throwing
 + Level 6.5 Armour
 + Level 0.9 Dodging
 + Level 0.9 Stealth
 + Level 6.5 Shields
 + Level 0.9 Unarmed Combat
 + Level 0.9 Spellcasting
 + Level 0.6 Conjurations
 + Level 0.6 Hexes
 + Level 0.6 Summonings
 + Level 0.6 Necromancy
 + Level 0.6 Translocations
 + Level 0.6 Transmutations
 + Level 0.6 Fire Magic
 + Level 0.6 Ice Magic
 + Level 0.6 Air Magic
 + Level 0.6 Earth Magic
 + Level 0.6 Poison Magic
 + Level 1.0 Invocations
 + Level 0.9 Evocations


You had 3 spell levels left.
You didn't know any spells.
Your spell library was empty.

Dungeon Overview and Level Annotations

Branches:
Dungeon (2/15)

Altars:
Sif Muna

Shops:
D:2 *

Annotations:
D:2 Crazy Yiuf


Innate Abilities, Weirdness & Mutations

You have very sharp teeth.
Your uncanny sense of smell can sniff out nearby items.
Your experience applies equally to all skills.


Message History

You open the door.
There is an open door here.
You open the door.
There is an open door here.
There is an open door here.
There is an open door here.
There is an open door here.
Found a hammer.
Found a runed translucent door.
Crazy Yiuf shouts!
You open the door. You closely miss Crazy Yiuf. Crazy Yiuf barely misses you.
You hit Crazy Yiuf.
Crazy Yiuf is moderately wounded.
Crazy Yiuf hits you with a +2 quarterstaff of chaos.
You are cast into the Abyss!
This branch contains the abyssal rune of Zot.
There is an open translucent door here.
A smoke demon comes into view.
The hellwing gives a chilling moan.
The smoke demon roars!
Found a gateway leading deeper into the Abyss.
A hellwing comes into view. x2
Okay, then.
A hellwing is nearby!
The hellwing swoops through the air toward you!
The hellwing hits you! The hellwing closely misses you.
There is a gateway leading deeper into the Abyss, spattered with blood here.
You barely miss the hellwing.
You bite the hellwing, but do no damage.
You block the hellwing's attack. The hellwing barely misses you.
The hellwing attacks as you move away! The hellwing hits you!
You block the hellwing's attack. The hellwing attacks as you move away!
The hellwing hits you.
* * * LOW HITPOINT WARNING * * *
You block the hellwing's attack. The hellwing attacks as you move away!
The hellwing hits you!
* * * LOW HITPOINT WARNING * * *
You block the hellwing's attack. The smoke demon gestures at you.
Something smites you!
You die...

..........#♣.
...#
.......3#..♣♣
4..#
...#.##.#4.♣♣
34...♣ #.
#>.#.#.♣###.#♣♣
.##.#.....♣♣ ♣
..#..#......#
..........#.#
..#....4### .
....###.##@.#
.. ## #...# ..
...#..# .##.#
.... #. .. ...
. .#. #. #. ###
#


You could see a hellwing and a smoke demon.

Vanquished Creatures
  An adder (D:2)
  5 endoplasms
  2 giant cockroaches
  3 goblins
  4 hobgoblins
  3 ball pythons
  4 bats
  4 frilled lizards
  A kobold (D:1)
  6 rats
33 creatures vanquished.

Notes
Turn   | Place    | Note
-------+----------+-------------------------------------------
     0 | D:1      | elagabalus the Gnoll Fighter began the quest for the Orb.
     0 | D:1      | Reached XP level 1. HP: 23/23 MP: 1/1
   114 | D:1      | Reached XP level 2. HP: 29/29 MP: 2/2
   540 | D:2      | Reached XP level 3. HP: 33/35 MP: 3/3
   574 | D:2      | Found Bojioxen's Assorted Antiques.
   746 | D:2      | Reached skill level 1 in Invocations
   998 | D:2      | Found a shimmering blue altar of Sif Muna.
  1078 | D:2      | Found a runed translucent door.
  1079 | D:2      | Noticed Crazy Yiuf
  1084 | Abyss:1  | Cast into level 1 of the Abyss (Crazy Yiuf)
  1089 | Abyss:1  | Noticed a hellwing
  1089 | Abyss:1  | Noticed a smoke demon
  1090 | Abyss:1  | Noticed a hellwing
  1091 | Abyss:1  | Noticed a hellwing
  1101 | Abyss:1  | Killed from afar by a smoke demon

Illustrated notes

Levels and vault maps discovered:
D:1:      giann_wishing_wells, layout_basic
D:2:      layout_basic, serial_shops, nicolae_shop_stone, basic_altar,
          uniq_crazy_yiuf_cottage
Abyss:1:  base: D:2, hangedman_abyss_exit_choices, minivault_19

Skill      XL: |  1  2  3 |
---------------+----------+-----
Invocations    | 1 |  1.0
Fighting       | |  6.5
Short Blades   | |  0.9
Long Blades    | |  0.9
Axes           | |  0.9
Maces & Flails | |  4.5
Polearms       | |  0.9
Staves         | |  0.9
Ranged Weapons | |  0.9
Throwing       | |  0.9
Armour         | |  6.5
Dodging        | |  0.9
Stealth        | |  0.9
Shields        | |  6.5
Unarmed Combat | |  0.9
Spellcasting   | |  0.9
Conjurations   | |  0.6
Hexes          | |  0.6
Summonings     | |  0.6
Necromancy     | |  0.6
Translocations | |  0.6
Transmutations | |  0.6
Fire Magic     | |  0.6
Ice Magic      | |  0.6
Air Magic      | |  0.6
Earth Magic    | |  0.6
Poison Magic   | |  0.6
Evocations     | |  0.9

Action                   || total
-------------------------++-------
Melee: Flail             ||    84
       Bite              ||     8
  Use: Scroll            ||     1
Armor: Scale mail        ||    26
Dodge: Dodged            ||    33
Block: Buckler           ||    17

Table legend: (Time is in decaauts)
 A = Elapsed time spent in this place.
 B = Non-inter-level travel time spent in this place.
 C = Inter-level travel time spent in this place.
 D = Time resting spent in this place.
 E = Time spent auto-exploring this place.
 F = Levels seen in this place.
 G = Mean time per level.
                   A        B        C        D        E       F      G
               +--------+--------+--------+--------+--------+-----+--------+
         Total |   1117 |    326 |    791 |      0 |      0 |   3 |  372.3 |
       Dungeon |   1100 |    309 |    791 |      0 |      0 |   2 |  550.0 |
         Abyss |     17 |     17 |      0 |      0 |      0 |   1 |   17.0 |
               +--------+--------+--------+--------+--------+-----+--------+

Top non-repeatable levels by time:
     D:2: 568 daAuts
     D:1: 532 daAuts
 Abyss:1: 17 daAuts
